 Dungeon Crawl Stone Soup version 0.20-a0-681-gf83e07f (webtiles) character file.

9010 FitzyFitz the Arsonist (level 11, -3/54 HPs)
             Began as a Deep Elf Fire Elementalist on Feb 17, 2017.
             Was a High Priest of Vehumet.
             Slain by a wolf (8 damage)
             ... in an ice cave on Feb 19, 2017.
             The game lasted 00:47:13 (9405 turns).

FitzyFitz the Arsonist (Deep Elf Fire Elementalist) Turns: 9405, Time: 00:47:13

Health: -3/54      AC: 12    Str: 10    XL:     11   Next: 17%
Magic:  10/27      EV: 13    Int: 32    God:    Vehumet [*****.]
Gold:   638        SH:  0    Dex: 15    Spells: 14/31 levels left

rFire    + . .     SeeInvis .   a - +3 dagger of Xuxzya {pierce, rN+ Int+5}
rCold    . . .     Gourm    .   r - +0 troll leather armour
rNeg     + . .     Faith    .   (no shield)
rPois    .         Spirit   .   q - +0 helmet
rElec    .         Reflect  .   e - +0 cloak
rCorr    .         Harm     .   O - +1 pair of gloves of Articulation {rF+}
MR       +....                  (no boots)
Stlth    ++........             p - amulet of regeneration
Regen    1.0/turn               R - +4 ring of protection
MPRegen  0.2/turn               d - +3 ring of intelligence

@: mighty, exhausted, slowed, very slow
A: no striking features
a: Renounce Religion


You were in an ice cave.
You worshipped Vehumet.
Vehumet was extremely pleased with you.
You were hungry.

You visited 2 branches of the dungeon, and saw 11 of its levels.
You also visited: Ossuary and Ice Cave.

You collected 638 gold pieces.

Inventory:

Hand Weapons
 a - the +3 dagger of Xuxzya (weapon) {pierce, rN+ Int+5}
   (You found it on level 6 of the Dungeon)

   It inflicts extra damage upon your enemies.
   It affects your intelligence (+5).
   It protects you from negative energy.
 b - a +0 spear
 v - a +0 long sword
 L - a +1 halberd of protection
 Z - a +2 whip of electrocution
Missiles
 N - a throwing net (quivered)
Armour
 e - a +0 cloak (worn)
 q - a +0 helmet (worn)
 r - a +0 troll leather armour (worn)
 B - a +0 leather armour of poison resistance
 O - the +1 pair of gloves of Articulation (worn) {rF+}
   (You found it on level 8 of the Dungeon)

   It protects you from fire.
Jewellery
 d - a +3 ring of intelligence (left hand)
 p - an amulet of regeneration (around neck)
 R - a +4 ring of protection (right hand)
Wands
 k - a wand of paralysis (13/24)
 t - a wand of confusion (48/48)
 E - a wand of lightning (2/15)
 J - a wand of confusion (23/48)
 W - a wand of iceblast (4/15)
 X - a wand of iceblast (5/15)
Scrolls
 h - 5 scrolls of remove curse
 s - 5 scrolls of teleportation
 x - 2 scrolls of enchant weapon
 y - a scroll of recharging
 H - a scroll of fear {unknown}
 I - 3 scrolls of amnesia
 M - a scroll of immolation {unknown}
 S - a scroll of blinking {unknown}
 U - a scroll of brand weapon {unknown}
 Y - a scroll of acquirement {unknown}
Potions
 f - 4 potions of flight
 g - a potion of resistance
 i - 2 potions of lignification
 o - 2 potions of agility
 w - a potion of brilliance
 z - a potion of degeneration {unknown}
 A - 2 potions of curing
 F - 3 potions of haste {unknown}
 G - 2 potions of cancellation {unknown}
 Q - 2 potions of magic {unknown}
 T - a potion of invisibility {unknown}
Books
 n - a book of Flames

   Spells                             Type                      Level
   a - Flame Tongue                   Conjuration/Fire             1
   b - Throw Flame                    Conjuration/Fire             2
   c - Conjure Flame                  Conjuration/Fire             3
   d - Inner Flame                    Hexes/Fire                   3
   e - Sticky Flame                   Conjuration/Fire             4
   f - Fireball                       Conjuration/Fire             5
 C - a book of Enchantments

   Spells                             Type                      Level
   a - Cause Fear                     Hexes                        4
   b - Yara's Violent Unravelling     Hexes/Transmutation          5
   c - Silence                        Hexes/Air                    5
   d - Deflect Missiles               Charms/Air                   6
   e - Discord                        Hexes                        8
Comestibles
 c - 9 bread rations
 m - 19 fruits
 u - 8 royal jellies
 D - 6 meat rations


   Skills:
 - Level 3.5 Dodging
 - Level 3.3 Stealth
 + Level 10.5 Spellcasting
 * Level 11.4 Conjurations
 * Level 12.3 Fire Magic


You had 14 spell levels left.
You knew the following spells:

 Your Spells              Type           Power        Failure   Level  Hunger
a - Flame Tongue          Conj/Fire      #####        1%          1    None
b - Conjure Flame         Conj/Fire      #######.     1%          3    None
c - Sticky Flame          Conj/Fire      #######.     1%          4    None
d - Fireball              Conj/Fire      #######...   1%          5    ###....
e - Iskenderun's Mystic   Conj           ######..     1%          4    None


Dungeon Overview and Level Annotations

Branches:
Dungeon (9/15)             Temple (0/1) D:5            Lair (2/6) D:9
 Shoals (0/4) Lair:2        Snake (0/4) Lair:2
    Orc: D:9-12

Altars:
Ashenzari
Cheibriados
Dithmenos
Elyvilon
Fedhas
Gozag
Hepliaklqana
Kikubaaqudgha
Okawaru
Ru
Trog
Vehumet
Zin

Annotations:
D:9 LostInTranslocation's ghost, novice DrFE


Message History

The polar bear misses you.
The polar bear claws you but does no damage. x2
You puncture the polar bear!
You kill the polar bear!
Vehumet accepts your kill.
You feel your power returning. The wolf misses you.
You closely miss the wolf. The wolf barely misses you.
The wolf bites you but does no damage.
You closely miss the wolf. The wolf closely misses you.
You barely miss the wolf. The wolf closely misses you.
You hit the wolf but do no damage.
You are no longer berserk.
You are exhausted.
You feel yourself slow down. The wolf bites you.
* * * LOW HITPOINT WARNING * * *
A polar bear comes into view.
You barely miss the wolf. The wolf bites you.
* * * LOW HITPOINT WARNING * * *
The wolf bites you!
You die...

...##
#h..#
##...
#...#
##...##
##.....##
#...∩...#
#...h†..#
##..@..##
##...##
#####


You could see a polar bear (wandering) and a wolf.

Vanquished Creatures
  A hydra (Lair:1)
  2 spiny frogs (Lair:1)
  The ghost of dyzzy the Destroyer, a novice TeAE (D:4)
  A polar bear (IceCv)
  A troll (D:9)
  Grinder (D:3)
  A hippogriff (Lair:1)
  A basilisk (Lair:1)
  7 yaks
  4 water moccasins
  4 porcupines (Lair:1)
  9 ice beasts
  A phantom (D:7)
  A sky beast (D:6)
  5 ogres
  2 centaurs
  6 wolves
  3 crocodiles (Lair:1)
  2 elf zombies (Ossuary)
  5 bullfrogs
  3 scorpions
  6 howler monkeys
  4 crimson imps
  A bullfrog zombie (D:9)
  A human zombie (Ossuary)
  3 centaur zombies (Ossuary)
  A quasit (D:6)
  4 jellies
  A hound (D:6)
  3 orc priests
  A gnoll shaman (D:7)
  6 orc wizards
  A centaur skeleton (D:6)
  2 bullfrog skeletons (D:9)
  6 iguanas
  Ijyb (D:3)
  3 hell rats (Lair:1)
  4 worker ants
  A hound skeleton (D:8)
  3 mummies (Ossuary)
  2 worker ant zombies
  5 gnolls (D:7)
  9 adders
  A howler monkey skeleton (D:5)
  3 river rats (Lair:1)
  6 oozes
  7 adder zombies
  5 worms
  2 dart slugs
  4 leopard geckos
  8 orcs
  7 bats
  7 giant cockroaches
  10 goblins
  A hobgoblin (D:1)
  16 jackals
  3 kobolds
  3 quokkas
  6 frilled lizards
  2 gnoll zombies (Ossuary)
  4 goblin zombies (Ossuary)
  3 hobgoblin zombies (Ossuary)
  3 jackal zombies (Ossuary)
  A kobold zombie (Ossuary)
  2 leopard gecko skeletons
  3 orc zombies (Ossuary)
  6 quokka zombies (Ossuary)
  12 rats
  3 rat zombies (Ossuary)
257 creatures vanquished.

Notes
Turn   | Place    | Note
-------+----------+-------------------------------------------
     0 | D:1      | FitzyFitz the Deep Elf Fire Elementalist began the quest for the Orb.
     0 | D:1      | Reached XP level 1. HP: 10/10 MP: 6/6
    93 | D:1      | Reached XP level 2. HP: 13/15 MP: 2/8
   615 | D:1      | Reached skill level 4 in Fire Magic
   631 | D:2      | Reached XP level 3. HP: 19/19 MP: 3/10
   736 | D:2      | Found an opulent altar of Gozag.
   950 | D:2      | Found a hazy altar of Hepliaklqana.
  1041 | D:2      | Found an ancient bone altar of Kikubaaqudgha.
  1155 | D:2      | Learned a level 3 spell: Conjure Flame
  1175 | D:2      | Found a glowing silver altar of Zin.
  1181 | D:2      | Reached XP level 4. HP: 24/24 MP: 8/11
  1466 | D:2      | Found a sacrificial altar of Ru.
  1467 | D:2      | Found a radiant altar of Vehumet.
  1468 | D:2      | Found a blossoming altar of Fedhas.
  1473 | D:2      | Became a worshipper of Vehumet
  1537 | D:2      | Learned a level 4 spell: Sticky Flame
  1598 | D:3      | Found a faded altar of an unknown god.
  1852 | D:3      | Noticed Grinder
  1868 | D:3      | Killed Grinder
  1868 | D:3      | Reached skill level 5 in Fire Magic
  1868 | D:3      | Reached XP level 5. HP: 28/28 MP: 1/13
  1868 | D:3      | Reached XP level 6. HP: 32/32 MP: 1/14
  1956 | D:3      | Noticed Ijyb
  1959 | D:3      | Killed Ijyb
  2493 | D:3      | Learned a level 5 spell: Fireball
  2702 | D:4      | Reached skill level 5 in Spellcasting
  2702 | D:4      | Reached skill level 6 in Fire Magic
  2727 | D:4      | Reached skill level 5 in Conjurations
  2773 | D:4      | Noticed dyzzy's ghost (novice TeAE)
  2865 | D:4      | Reached XP level 7. HP: 36/36 MP: 8/16
  2952 | D:4      | Reached * piety under Vehumet
  2952 | D:4      | Offered knowledge of Magic Dart by Vehumet.
  3020 | D:5      | Entered Level 5 of the Dungeon
  3089 | D:5      | Found a snail-covered altar of Cheibriados.
  3150 | D:5      | Found a white marble altar of Elyvilon.
  3418 | D:4      | Killed dyzzy's ghost
  3418 | D:4      | Reached skill level 7 in Fire Magic
  3897 | D:5      | Reached XP level 8. HP: 41/41 MP: 8/19
  3941 | D:5      | Found a staircase to the Ecumenical Temple.
  4252 | D:5      | You fall through a shaft for 3 floors!
  4254 | D:8      | Found a shadowy altar of Dithmenos.
  4360 | D:8      | Got a pair of translucent gloves
  4366 | D:8      | Identified the +1 pair of gloves of Articulation {rF+} (You found it on level 8 of the Dungeon)
  4380 | D:8      | Reached ** piety under Vehumet
  4380 | D:8      | Offered knowledge of Sting by Vehumet.
  4427 | D:8      | Reached skill level 8 in Fire Magic
  4630 | D:8      | Learned a level 1 spell: Sting
  5184 | D:6      | Found an opulent altar of Gozag.
  5215 | D:6      | Got an ancient dagger
  5349 | D:6      | Found a sand-covered staircase.
  5353 | Ossuary  | Entered an ossuary
  5419 | Ossuary  | Offered knowledge of Stone Arrow by Vehumet.
  5447 | Ossuary  | Reached skill level 9 in Fire Magic
  5596 | Ossuary  | Reached *** piety under Vehumet
  5596 | Ossuary  | Reached XP level 9. HP: 40/45 MP: 22/22
  5703 | Ossuary  | Offered knowledge of Iskenderun's Mystic Blast by Vehumet.
  5717 | Ossuary  | Learned a level 4 spell: Iskenderun's Mystic Blast
  5904 | D:6      | Upgraded the game from 0.20-a0-672-gd6c3c51 to 0.20-a0-681-gf83e07f
  6462 | D:6      | You fall through a shaft for 2 floors!
  6563 | D:7      | Reached **** piety under Vehumet
  6594 | D:7      | Identified the cursed +3 dagger of Xuxzya {pierce, rN+ Int+5} (You found it on level 6 of the Dungeon)
  6727 | D:7      | Found an iron altar of Okawaru.
  7302 | D:9      | Found a bloodstained altar of Trog.
  7348 | D:9      | Offered knowledge of Yara's Violent Unravelling by Vehumet.
  7348 | D:9      | Reached skill level 10 in Fire Magic
  7387 | D:9      | Found a shattered altar of Ashenzari.
  7510 | D:9      | Noticed LostInTranslocation's ghost (novice DrFE)
  7519 | D:9      | Found a staircase to the Lair.
  7624 | D:9      | Noticed a troll
  7640 | D:9      | Killed a troll
  7959 | Lair:1   | Entered Level 1 of the Lair of Beasts
  8025 | Lair:1   | Noticed a seven-headed hydra
  8091 | Lair:1   | Reached XP level 10. HP: 47/50 MP: 14/25
  8320 | Lair:1   | Killed a seven-headed hydra
  8320 | Lair:1   | Reached skill level 10 in Conjurations
  8320 | Lair:1   | Reached skill level 11 in Fire Magic
  8423 | Lair:1   | Noticed a spiny frog
  8433 | Lair:1   | Killed a spiny frog
  8686 | Lair:1   | Reached skill level 10 in Spellcasting
  8907 | Lair:1   | Noticed a spiny frog
  8913 | Lair:1   | Killed a spiny frog
  9161 | Lair:2   | Reached skill level 12 in Fire Magic
  9308 | Lair:2   | Reached XP level 11. HP: 54/54 MP: 19/27
  9328 | Lair:2   | Found a frozen archway.
  9380 | IceCv    | Entered an ice cave
  9385 | IceCv    | Reached ***** piety under Vehumet
  9385 | IceCv    | Offered knowledge of Venom Bolt by Vehumet.
  9405 | IceCv    | Slain by a wolf

Vault maps used:
D:1:      onia_arrival_pentagram, minmay_tall_x
D:2:      zin_academy, lemuel_crystal_altar, lemuel_doored_altar, minitemple,
          nicolae_gozag_seed_capital
D:3:      chequers_ecumenical_altar_simple_redux, uniq_grinder, uniq_iyjb
D:4:      first_bread
D:5:      marbit_many_paths, cheibrodos_worm_habitat,
          minmay_temple_entry_statues_fountains
D:6:      nicolae_ossuary_entry_false_entrances, basic_altar
D:7:      okawaru_trees_2, minmay_strange_pillars, minmay_misc_feat_chi
D:8:      nicolae_dithmenos_shadow_blocks, hangedman_little_slice_of_home
D:9:      lightli_temple_of_fire, nicolae_overflow_hidden_temple,
          lair_entry_dummy, feat_on_display
Lair:1:   kennysheep_abandoned_house, grunt_megastairs_2
Lair:2:   elwin_shoals_entry_stream, guppyfry_snake_entry_garden,
          portal_ice_cave_entry_ice_beasts
Ossuary:  minmay_ossuary_two_tombs
IceCv:    ice_cave_small_giant

Skill      XL: |  1  2  3  4  5  6  7  8  9 10 |
---------------+-------------------------------+-----
Fire Magic     | 4 5 6 7 9 10 12 | 12.3
Conjurations   | 2 4 5 6 7 9 11 | 11.4
Spellcasting   | 4 5 6 7 9 10 | 10.5
Dodging        | 3 |  3.5
Stealth        | 3 |  3.3

Action                   |  1- 3 |  4- 6 |  7- 9 | 10-12 || total
-------------------------+-------+-------+-------+-------++-------
Melee: Unarmed           |     2 |       |       |       ||     2
       Dagger            |     9 |    32 |   236 |    69 ||   346
       Long sword        |       |       |    41 |       ||    41
 Cast: Flame Tongue      |    53 |    48 |   303 |    75 ||   479
       Sticky Flame      |       |     3 |    23 |    20 ||    46
       Conjure Flame     |       |     3 |    10 |     7 ||    20
       Fireball          |       |       |     2 |     6 ||     8
       Sting             |       |       |    21 |       ||    21
       Iskenderun's Myst |       |       |    13 |     5 ||    18
Evoke: Wand              |       |       |    19 |       ||    19
  Use: Scroll            |       |     2 |    18 |     1 ||    21
       Potion            |       |       |     2 |     3 ||     5
 Stab: Sleeping          |       |     3 |     3 |     1 ||     7
       Confused          |       |       |     3 |       ||     3
       Distracted        |       |       |       |     1 ||     1
  Eat: Chunk             |     1 |     5 |    14 |     3 ||    23
       Royal jelly       |       |       |     3 |       ||     3
Armor: Robe              |     7 |     5 |   120 |       ||   132
       Troll leather arm |       |       |    18 |    48 ||    66
Dodge: Dodged            |    21 |    20 |   239 |    77 ||   357
       Rpst.: Long sword |       |       |    10 |       ||    10
